BSA
IRVINE GANG GREEN @ MAUI TROPICS
03/08/2027
 
TOP OF THE 1ST
Irvine Gang Green batting - Pitching for Maui Tropics : RHP Júlio González
Pitching: RHP Júlio González
Batting: LHB Tom Baker 0-0: Ball
1-0: Ball
2-0: Ball
3-0: Called Strike
3-1: Base on Balls
Batting: LHB Tony Tavárez 0-0: Ball
1-0: Swinging Strike
1-1: Ball
2-1: Foul Ball, location: 2F
2-2: Ball
3-2: Base on Balls
Tom Baker to second
Batting: LHB Jorge Martínez 0-0: Called Strike
0-1: Swinging Strike
0-2: Reached on error, E7 (Flyball, 7S)
Tom Baker to third
Tony Tavárez to second
Batting: RHB Eichiro Yamamoto 0-0: Called Strike
0-1: Ball
1-1: Ball
2-1: SINGLE (Flyball, 9LS)
Tom Baker scores
Tony Tavárez to third
Jorge Martínez to second
Batting: RHB José Salazar 0-0: Called Strike
0-1: Ball
1-1: Ball
2-1: Foul Ball, location: 2F
2-2: Ball
3-2: Foul Ball, location: 2F
3-2: SINGLE (Groundball, 56D)
Tony Tavárez scores
Jorge Martínez to third
Eichiro Yamamoto to second
Runner from 3rd tries for Home, throw and OUT!
Eichiro Yamamoto to third
José Salazar to second
Batting: RHB Richard Coker 0-0: Ball
1-0: Ball
2-0: Called Strike
2-1: Ball
3-1: Base on Balls
Batting: SHB Cristo Ontiveros 0-0: SINGLE (Groundball, 6S) (infield hit)
Eichiro Yamamoto scores
José Salazar to third
Richard Coker to second
Batting: RHB Joe Baker 0-0: Swinging Strike
0-1: Foul Ball, location: 2F
0-2: Fly out, F9 (Flyball, 9LSF)
Runner from 3rd tags up, SCORES, no throw
Batting: RHB Santo Cruz 0-0: Swinging Strike
0-1: Swinging Strike
0-2: Strikes out swinging
Top of the 1st over - 4 run(s), 3 hit(s), 1 error(s), 2 left on base; Irvine 4 - Maui 0
BOTTOM OF THE 1ST
Maui Tropics batting - Pitching for Irvine Gang Green : RHP Jung Chwa
Pitching: RHP Jung Chwa
Batting: LHB Mario Olivares 0-0: Called Strike
0-1: Ball
1-1: Swinging Strike
1-2: Ball
2-2: Strikes out swinging
Batting: LHB Mike Pearson 0-0: Called Strike
0-1: Ball
1-1: Ball
2-1: Foul Ball, location: 2F
2-2: Ball
3-2: Strikes out swinging
Batting: RHB Jesús Espinoza 0-0: Ball
1-0: Foul Ball, location: 2F
1-1: Ball
2-1: Ball
3-1: Base on Balls
Batting: RHB José Herrera 0-0: Called Strike
0-1: SINGLE (Groundball, 34D)
Jesús Espinoza to second
Runner from 2nd tries for 3rd, SAFE, throw made to third
José Herrera to second
Batting: RHB Luis Alou 0-0: Ball
1-0: Called Strike
1-1: Ball
2-1: Foul Ball, location: 2F
2-2: Ball
3-2: Ground out 5-3 (Groundball, 56)
Bottom of the 1st over - 0 run(s), 1 hit(s), 0 error(s), 2 left on base; Irvine 4 - Maui 0
TOP OF THE 2ND
Irvine Gang Green batting - Pitching for Maui Tropics : RHP Júlio González
Batting: LHB Tom Baker 0-0: Ball
1-0: Ball
2-0: Called Strike
2-1: SINGLE (Flyball, 8RS)
Batting: LHB Tony Tavárez 0-0: Ball
1-0: Swinging Strike
1-1: Called Strike
1-2: Fielders Choice at 2nd, 4-6 (Groundball, 4)
Batting: LHB Jorge Martínez 0-0: Called Strike
0-1: Ball
1-1: Grounds into double play, 6-4-3 (Groundball, 6)
Top of the 2nd over - 0 run(s), 1 hit(s), 0 error(s), 0 left on base; Irvine 4 - Maui 0
BOTTOM OF THE 2ND
Maui Tropics batting - Pitching for Irvine Gang Green : RHP Jung Chwa
Batting: LHB Anacleto Morillo 0-0: Foul Ball, location: 2F
0-1: Called Strike
0-2: Ball
1-2: Ball
2-2: Foul Ball, location: 2F
2-2: Ball
3-2: Base on Balls
Batting: RHB Ximena Campos 0-0: Swinging Strike
0-1: Swinging Strike
0-2: Ground out 5-3 (Groundball, 56S)
Anacleto Morillo to second
Batting: LHB Mark Everett 0-0: Ball
1-0: Called Strike
1-1: Foul Ball, location: 2F
1-2: Ball
2-2: Strikes out swinging
Batting: RHB Matt Silver 0-0: Ball
1-0: DOUBLE (Line Drive, 7LS)
Anacleto Morillo scores
Batting: LHB Mario Olivares 0-0: Called Strike
0-1: Ball
1-1: Ball
2-1: Ball
3-1: DOUBLE (Line Drive, 78XD)
Matt Silver scores
Batting: LHB Mike Pearson 0-0: Foul Ball, location: 2F
0-1: Ball
1-1: Foul Ball, location: 2F
1-2: SINGLE (Groundball, 4D)
Mario Olivares to third
Runner from 3rd tries for Home, SAFE, no throw
Batting: RHB Jesús Espinoza 0-0: Ball
1-0: Ball
2-0: Ball
3-0: Called Strike
3-1: SINGLE (Flyball, 8RS)
Mike Pearson to second
Runner from 2nd tries for 3rd, SAFE, throw made to third
Batting: RHB José Herrera 0-0: Foul Ball, location: 2F
0-1: Called Strike
0-2: Strikes out looking
Bottom of the 2nd over - 3 run(s), 4 hit(s), 0 error(s), 2 left on base; Irvine 4 - Maui 3
TOP OF THE 3RD
Irvine Gang Green batting - Pitching for Maui Tropics : RHP Júlio González
Batting: RHB Eichiro Yamamoto 0-0: Ball
1-0: Foul Ball, location: 2F
1-1: Called Strike
1-2: Foul Ball, location: 2F
1-2: SINGLE (Line Drive, 56D)
Batting: RHB José Salazar 0-0: Called Strike
0-1: Ball
1-1: Foul Ball, location: 2F
1-2: Ball
2-2: Ball
3-2: Foul Ball, location: 2F
3-2: Foul Ball, location: 2F
3-2: Ground out 1-3 (Groundball, 15)
Eichiro Yamamoto to second
Batting: RHB Richard Coker 0-0: Foul Ball, location: 2F
0-1: Called Strike
0-2: Ball
1-2: Strikes out looking
Batting: SHB Cristo Ontiveros 0-0: Foul Ball, location: 2F
0-1: Ball
1-1: Ball
2-1: Ground out 1-3 (Groundball, P)
Top of the 3rd over - 0 run(s), 1 hit(s), 0 error(s), 1 left on base; Irvine 4 - Maui 3
BOTTOM OF THE 3RD
Maui Tropics batting - Pitching for Irvine Gang Green : RHP Jung Chwa
Batting: RHB Luis Alou 0-0: Foul Ball, location: 2F
0-1: Ball
1-1: Ground out 1-3 (Groundball, 15)
Batting: LHB Anacleto Morillo 0-0: Swinging Strike
0-1: Called Strike
0-2: Ball
1-2: Foul Ball, location: 2F
1-2: Fly out, F5 (Line Drive, 5S)
Batting: RHB Ximena Campos 0-0: Ball
1-0: Fly out, F9 (Flyball, 9S)
Bottom of the 3rd over - 0 run(s), 0 hit(s), 0 error(s), 0 left on base; Irvine 4 - Maui 3
TOP OF THE 4TH
Irvine Gang Green batting - Pitching for Maui Tropics : RHP Júlio González
Batting: RHB Joe Baker 0-0: Ball
1-0: Ball
2-0: Ball
3-0: Called Strike
3-1: Foul Ball, location: 2F
3-2: SINGLE (Line Drive, 8LS)
Batting: RHB Santo Cruz 0-0: Swinging Strike
0-1: Foul Ball, location: 2F
0-2: SINGLE (Line Drive, 6MD)
Joe Baker to second
Batting: LHB Tom Baker 0-0: Ball
1-0: Called Strike
1-1: Ball
2-1: Foul Ball, location: 2F
2-2: Foul Ball, location: 2F
2-2: Strikes out swinging
Batting: LHB Tony Tavárez 0-0: Ball
1-0: Ball
2-0: Called Strike
2-1: Foul Ball, location: 2F
2-2: TRIPLE (Flyball, 7LM)
Joe Baker scores
Santo Cruz scores
Batting: LHB Jorge Martínez 0-0: Foul Ball, location: 2F
0-1: Swinging Strike
0-2: Ball
1-2: Ball
2-2: Foul Ball, location: 2F
2-2: Foul Ball, location: 2F
2-2: Foul Ball, location: 2F
2-2: Ground out 5-3 (Groundball, 56S)
Tony Tavárez scores
Batting: RHB Eichiro Yamamoto 0-0: SINGLE (Groundball, 56S) (infield hit)
Pitching: RHP Archie Summers
Batting: RHB José Salazar 0-0: Ball
1-0: Foul Ball, location: 2F
1-1: SINGLE (Line Drive, 7S)
Eichiro Yamamoto to second
Batting: RHB Richard Coker 0-0: Ball
1-0: Ball
2-0: Ball
3-0: Base on Balls
Eichiro Yamamoto to third
José Salazar to second
Batting: SHB Cristo Ontiveros 0-0: Fielders Choice at 2nd, 4-6 (Groundball, 4)
Top of the 4th over - 3 run(s), 5 hit(s), 0 error(s), 2 left on base; Irvine 7 - Maui 3
BOTTOM OF THE 4TH
Maui Tropics batting - Pitching for Irvine Gang Green : RHP Jung Chwa
Batting: LHB Mark Everett 0-0: Ball
1-0: SINGLE (Line Drive, 7LS)
Batting: RHB Matt Silver 0-0: Ball
1-0: Foul Ball, location: 2F
1-1: Reached on error, E6 (Groundball, 6)
Mark Everett to second
Batting: LHB Mario Olivares 0-0: Called Strike
0-1: Foul Ball, location: 2F
0-2: Foul Ball, location: 2F
0-2: Ball
1-2: Strikes out looking
Batting: LHB Mike Pearson 0-0: Ball
1-0: Foul Ball, location: 2F
1-1: Called Strike
1-2: Ball
2-2: Foul Ball, location: 2F
2-2: Foul Ball, location: 2F
2-2: Foul Ball, location: 2F
2-2: Strikes out looking
Batting: RHB Jesús Espinoza 0-0: Ball
1-0: Called Strike
1-1: Ball
2-1: Foul Ball, location: 2F
2-2: Ball
3-2: Strikes out swinging
Bottom of the 4th over - 0 run(s), 1 hit(s), 1 error(s), 2 left on base; Irvine 7 - Maui 3
TOP OF THE 5TH
Irvine Gang Green batting - Pitching for Maui Tropics : RHP Archie Summers
Batting: RHB Joe Baker 0-0: Called Strike
0-1: Fly out, F8 (Flyball, 8RS)
Batting: RHB Santo Cruz 0-0: Ball
1-0: Foul Ball, location: 2F
1-1: Ground out 6-3 (Groundball, 6M)
Pinch Hitting: LHB Jesús Campos 0-0: Ground out U3 (Groundball, 34)
Top of the 5th over - 0 run(s), 0 hit(s), 0 error(s), 0 left on base; Irvine 7 - Maui 3
BOTTOM OF THE 5TH
Maui Tropics batting - Pitching for Irvine Gang Green : RHP Jung Chwa
Pitching: RHP Jun Kawashima
Now in CF: Jesús Campos
Batting: RHB José Herrera 0-0: Ground out 6-3 (Groundball, 56)
Batting: RHB Luis Alou 0-0: Fly out, F8 (Flyball, 8LS)
Batting: LHB Anacleto Morillo 0-0: Called Strike
0-1: Swinging Strike
0-2: Foul Ball, location: 2F
0-2: Strikes out swinging
Bottom of the 5th over - 0 run(s), 0 hit(s), 0 error(s), 0 left on base; Irvine 7 - Maui 3
TOP OF THE 6TH
Irvine Gang Green batting - Pitching for Maui Tropics : RHP Archie Summers
Pinch Hitting: RHB Manny Copriviza 0-0: Ball
1-0: Foul Ball, location: 2F
1-1: Ball
2-1: Ball
3-1: Called Strike
3-2: Reached on error, E3 (Groundball, 34)
Batting: LHB Jorge Martínez 0-0: Ball
1-0: Swinging Strike
1-1: Ball
2-1: Foul Ball, location: 2F
2-2: Fly out, F7 (Flyball, 7LD)
Pinch Hitting: LHB Leonardo Medina 0-0: Ball
1-0: Fly out, F5 (Popup, 56)
Pinch Hitting: LHB José Sánchez 0-0: Called Strike
0-1: Fly out, F9 (Line Drive, 9LS)
Top of the 6th over - 0 run(s), 0 hit(s), 1 error(s), 1 left on base; Irvine 7 - Maui 3
BOTTOM OF THE 6TH
Maui Tropics batting - Pitching for Irvine Gang Green : RHP Jun Kawashima
Now at 1B: Manny Copriviza
Now in LF: Leonardo Medina
Now in CF: Bill Murphy
Batting: RHB Ximena Campos 0-0: Ground out 4-3 (Groundball, 4M)
Batting: LHB Mark Everett 0-0: Ball
1-0: Foul Ball, location: 2F
1-1: Ball
2-1: Swinging Strike
2-2: Foul Ball, location: 2F
2-2: Fly out, F7 (Line Drive, 7)
Batting: RHB Matt Silver 0-0: Called Strike
0-1: Ball
1-1: Ball
2-1: Swinging Strike
2-2: Ball
3-2: Base on Balls
Pinch Hitting: LHB Dave Cook 0-0: Ball
1-0: Fielders Choice at 2nd, 6-4 (Groundball, 6)
Bottom of the 6th over - 0 run(s), 0 hit(s), 0 error(s), 0 left on base; Irvine 7 - Maui 3
TOP OF THE 7TH
Irvine Gang Green batting - Pitching for Maui Tropics : RHP Archie Summers
Now in CF: Don Hull
Pinch Hitting: RHB Pepe González 0-0: Fly out, F6 (Flyball, 56D)
Batting: RHB Aaron Wilson 0-0: Called Strike
0-1: Swinging Strike
0-2: Strikes out swinging
Batting: RHB Joe Baker 0-0: Ball
1-0: Ball
2-0: Called Strike
2-1: Swinging Strike
2-2: Strikes out swinging
Top of the 7th over - 0 run(s), 0 hit(s), 0 error(s), 0 left on base; Irvine 7 - Maui 3
BOTTOM OF THE 7TH
Maui Tropics batting - Pitching for Irvine Gang Green : RHP Jun Kawashima
Now at 3B: Pepe González
Pinch Hitting: RHB Jeff Packard 0-0: Called Strike
0-1: SINGLE (Line Drive, 34D)
Pinch Hitting: LHB Javier Espinoza 0-0: Ball
1-0: Grounds into double play, 5-4-3 (Groundball, 5)
Pinch Hitting: SHB Tom Stevens 0-0: Ball
1-0: Foul Ball, location: 2F
1-1: SINGLE (Line Drive, 34D)
Pinch Hitting: RHB David Moran 0-0: SINGLE (Groundball, 34D)
Tom Stevens to second
Runner from 2nd tries for 3rd, SAFE, no throw
Batting: RHB Richard Bankhead 0-0: Ground out 5-3 (Groundball, 5S)
Bottom of the 7th over - 0 run(s), 3 hit(s), 0 error(s), 2 left on base; Irvine 7 - Maui 3
TOP OF THE 8TH
Irvine Gang Green batting - Pitching for Maui Tropics : RHP Archie Summers
Pitching: RHP Brandon Mitchell
Now at 2B: Tom Stevens
Now at 3B: Javier Espinoza
Now in LF: Jeff Packard
Now in RF: Tim Hanson
Pinch Hitting: RHB Billy Mullins 0-0: Ball
1-0: Swinging Strike
1-1: Ball
2-1: Fly out, F8 (Flyball, 89M)
Batting: LHB Jesús Campos 0-0: Ball
1-0: Ball
2-0: Called Strike
2-1: Foul Ball, location: 2F
2-2: Ball
3-2: Base on Balls
Batting: RHB Manny Copriviza 0-0: Ball
1-0: Foul Ball, location: 2F
1-1: Ball
2-1: Fly out, F8 (Flyball, 89D)
Batting: LHB Jorge Martínez 0-0: Called Strike
Jesús Campos steals 2nd base
0-1: Ball
1-1: Called Strike
1-2: Ball
2-2: Strikes out swinging
Top of the 8th over - 0 run(s), 0 hit(s), 0 error(s), 1 left on base; Irvine 7 - Maui 3
BOTTOM OF THE 8TH
Maui Tropics batting - Pitching for Irvine Gang Green : RHP Jun Kawashima
Now at 2B: Billy Mullins
Batting: RHB Ximena Campos 0-0: Ground out U3 (Groundball, 34)
Pinch Hitting: LHB Luis Antonio Torres 0-0: Called Strike
0-1: SINGLE (Line Drive, 78S)
Pinch Hitting: LHB Ernesto López 0-0: Foul Ball, location: 2F
0-1: Ball
1-1: Fly out, F8 (Flyball, 8LM)
Batting: LHB Don Hull 0-0: Ball
1-0: DOUBLE (Flyball, 78XD)
Luis Antonio Torres to third
Runner from 3rd tries for Home, SAFE, no throw
Batting: RHB Jeff Packard 0-0: Foul Ball, location: 2F
0-1: Ball
1-1: Called Strike
1-2: Fly out, F5 (Popup, 5S)
Bottom of the 8th over - 1 run(s), 2 hit(s), 0 error(s), 1 left on base; Irvine 7 - Maui 4
TOP OF THE 9TH
Irvine Gang Green batting - Pitching for Maui Tropics : RHP Brandon Mitchell
Now at 1B: Luis Antonio Torres
Now at 3B: Héctor Barajas
Batting: LHB Leonardo Medina 0-0: Ball
1-0: Ball
2-0: Ball
3-0: Base on Balls
Batting: LHB Bill Murphy 0-0: Swinging Strike
0-1: Ball
1-1: Foul Ball, location: 2F
1-2: Ball
2-2: Strikes out swinging
Batting: RHB Pepe González 0-0: Foul Ball, location: 2F
0-1: Swinging Strike
0-2: Ball
1-2: Grounds into double play, 4-6-3 (Groundball, 4M)
Top of the 9th over - 0 run(s), 0 hit(s), 0 error(s), 0 left on base; Irvine 7 - Maui 4
BOTTOM OF THE 9TH
Maui Tropics batting - Pitching for Irvine Gang Green : RHP Jun Kawashima
Pitching: RHP Mike Fisher
Batting: LHB Javier Espinoza 0-0: Ball
1-0: Foul Ball, location: 2F
1-1: Swinging Strike
1-2: Strikes out swinging
Batting: SHB Tom Stevens 0-0: Called Strike
0-1: Foul Ball, location: 2F
0-2: Ball
1-2: Ball
2-2: Foul Ball, location: 2F
2-2: Ball
3-2: Ground out 3-1 (Groundball, 34)
Batting: RHB Tim Hanson 0-0: Foul Ball, location: 2F
0-1: Ball
1-1: Ball
2-1: SINGLE (Groundball, 56D)
Batting: RHB Richard Bankhead 0-0: Ball
1-0: Swinging Strike
1-1: Ball
2-1: Called Strike
2-2: Strikes out swinging
Bottom of the 9th over - 0 run(s), 1 hit(s), 0 error(s), 1 left on base; Irvine 7 - Maui 4
Thursday, March 30th, 2017 - OOTP Baseball 17.12 Build 75